 Dungeon Crawl Stone Soup version 0.29.1-2-gbd0b4ee654 (webtiles) character file.

Game seed: 4892967813221254372

67 fleeber the Conjurer (level 4, -3/24 HPs)
             Began as a Deep Elf Conjurer on Nov 5, 2022.
             Slain by Sigmund
             ... wielding a +0 scythe
              (8 damage)
             ... on level 2 of the Dungeon.
             The game lasted 00:06:47 (2106 turns).

fleeber the Conjurer (Deep Elf Conjurer)            Turns: 2106, Time: 00:06:47

Health: -3/24      AC:  5    Str:  4    XL:     4   Next: 0%
Magic:  12/12      EV: 12    Int: 31    God:
Gold:   150        SH:  0    Dex: 13    Spells: 11/12 levels left

rFire   . . .      SeeInvis .   g - +0 dagger (vamp)
rCold   . . .      Faith    .   (no shield)
rNeg    . . .      Spirit   .   n - +2 animal skin
rPois   .          Reflect  .   o - +0 helmet
rElec   .          Harm     .   f - scarf {repulsion}
rCorr   .          Rampage  .   (no gloves)
Will    .....                   (no boots)
Stlth   ++........              (no amulet)
HPRegen 0.08/turn               c - +6 ring of intelligence
MPRegen 0.13/turn               (no ring)

@: repel missiles
A: no striking features
a: no special abilities


You were on level 2 of the Dungeon.
You visited 1 branch of the dungeon, and saw 2 of its levels.

You collected 150 gold pieces.

Inventory:

Hand Weapons
 g - a +0 vampiric dagger (weapon)
Missiles
 h - 29 stones
Armour
 f - a scarf of repulsion (worn)
 n - a +2 animal skin (worn)
 o - a +0 helmet (worn)
Jewellery
 c - a +6 ring of intelligence (left hand)
 j - a ring of ice
Potions
 b - a potion of magic
 i - a potion of heal wounds {unknown}
 k - a potion of berserk rage {unknown}
 m - a potion of lignification {unknown}


   Skills:
 - Level 2.4 Dodging
 - Level 2.4 Stealth
 + Level 4.7 Spellcasting
 + Level 5.3 Conjurations


You had 11 spell levels left.
You knew the following spells:

 Your Spells              Type           Power      Damage    Failure   Level
a - Magic Dart            Conj           100%       1d8       1%          1

Your spell library contained the following spells:

 Spells                   Type           Power      Damage    Failure   Level
 Searing Ray              Conj           80%        2d7       1%          2
 Dazzling Flash           Conj/Hex       46%        N/A       5%          3
 Call Imp                 Summ           7%         N/A       9%          2
 Mephitic Cloud           Conj/Pois/Air  18%        N/A       9%          3
 Fulminant Prism          Conj/Hex       11%        3d9       19%         4
 Iskenderun's Mystic Bla  Conj/Tloc      23%        2d6       19%         4
 Passage of Golubria      Tloc           7%         N/A       50%         4
 Silence                  Hex/Air        3%         N/A       83%         5
 Starburst                Conj/Fire      11%        6d5       96%         6
 Lehudib's Crystal Spear  Conj/Erth      11%        10d4      100%        8


Dungeon Overview and Level Annotations

Branches:
Dungeon (2/15)

Altars:

Annotations:
D:2 Sigmund


Message History

Sigmund is nearby!
Sigmund casts a spell at you. The magic dart hits you.
A kobold comes into view. It is wielding a +0 whip.
Sigmund casts a spell at you.
You are confused.
Sigmund laughs darkly.
You bump into the rock wall.
Sigmund mumbles some strange words.
Sigmund flickers and vanishes!
Deactivating autopickup; reactivate with Ctrl-A.
You're too confused to move!
You feel less confused. The kobold attacks as you move away!
The kobold closely misses you.
As you read the scroll labelled YKYTAXZERO, it crumbles to dust.
You feel aware of your surroundings.
It was a scroll of magic mapping.
The kobold barely misses you.
As you read the scroll labelled VOTHREKH HEUPTE, it crumbles to dust.
You hear a loud clanging noise!
It was a scroll of noise.
Something hits you! The kobold misses you.
As you read the scroll labelled NIUGEB GUJAJI, it crumbles to dust.
You assume a fearsome visage.
The kobold looks frightened!
It was a scroll of fear.
Something hits you!
* * * LOW HITPOINT WARNING * * *
As you read the scroll labelled DIHUWA GIANOT, it crumbles to dust.
It is a scroll of brand weapon.
Your +0 dagger thirsts for the lives of mortals!
g - a +0 vampiric dagger (weapon)
Something hits you but does no damage.
You hit something. Something barely misses you.
You barely miss something. You closely miss something.
Something hits you but does no damage.
You hit something.
You feel better. Something hits you.
* * * LOW HITPOINT WARNING * * *
You barely miss something. You miss something. Something completely misses you.
You closely miss something. Something hits you but does no damage.
You closely miss something. The kobold barely misses you.
You barely miss something. Something hits you!
You die...

#.#..##.####.#.....#
#.##...............# #
#.####.@#####...)..# #
#.#....K...........# #
#####.#+####.....#####.# #
#........# ###.......#.# #
#........# #.#..##.#.## #
#........# #.#{K......##### #
#........# #.#@....#......### #
#####'#+######.#.....#.####...###
#.#.#......#.)...#.# ###....
#.#........#.....#.# ####.
#.###.####.#...###.##### #.
#..........'...'.#.....#####.
#####.####.#...#.#........... #.#
#.#...#.#.....###### #.#
#.##....#.........).


You could see a kobold.

Vanquished Creatures
  Robin (D:2)
  2 adders (D:2)
  A worm (D:2)
  7 ball pythons
  An endoplasm (D:1)
  9 goblins
  5 hobgoblins
  A quokka (D:2)
  4 kobolds
  2 rats (D:1)
33 creatures vanquished.

Notes
Turn   | Place    | Note
-------+----------+-------------------------------------------
     0 | D:1      | fleeber the Deep Elf Conjurer began the quest for the Orb.
     0 | D:1      | Reached XP level 1. HP: 10/10 MP: 6/6
   407 | D:1      | Reached XP level 2. HP: 15/15 MP: 3/8
   758 | D:2      | Noticed Robin
   957 | D:2      | Noticed Sigmund
  1157 | D:2      | Killed Robin
  1158 | D:2      | Reached skill level 5 in Conjurations
  1158 | D:2      | Reached XP level 3. HP: 19/19 MP: 1/10
  1850 | D:2      | Reached XP level 4. HP: 24/24 MP: 10/12
  2106 | D:2      | Slain by Sigmund

Illustrated notes

Levels and vault maps discovered:
D:1:      minmay_arrival_five_plusses, layout_rooms, minmay_misc_feat_diagonals,
          dk_noncrumbling_4, minmay_misc_feat_doors
D:2:      layout_basic, uniq_sigmund, uniq_robin

Skill      XL: |  1  2 |
---------------+-------+-----
Spellcasting   | 4 |  4.7
Conjurations   | 5 |  5.3
Dodging        | |  2.4
Stealth        | |  2.4

Action                   |  1- 3 |  4- 6 || total
-------------------------+-------+-------++-------
Melee: Dagger            |       |     9 ||     9
 Cast: Magic Dart        |    65 |       ||    65
  Use: Scroll            |       |     4 ||     4
Armor: Robe              |     1 |       ||     1
       Animal skin       |       |     3 ||     3
Dodge: Dodged            |     5 |     6 ||    11
